 Dungeon Crawl Stone Soup version 0.30-a0-702-gdf48620a09 (webtiles) character file.

Game seed: 9615792660534785424

81 wormed the Firebug (level 4, -5/32 HPs)
             Began as a Demonspawn Fire Elementalist on Jan 21, 2023.
             Killed by an exploding Sigmund (37 damage)
             ... ignited by their inner flame
             ... on level 2 of the Dungeon.
             The game lasted 00:05:23 (2346 turns).

wormed the Firebug (Demonspawn Fire Elementalist)   Turns: 2346, Time: 00:05:24

Health: -5/32      AC:  3    Str:  8    XL:     4   Next: 19%
Magic:  0/7        EV: 14    Int: 19    God:
Gold:   133        SH:  0    Dex: 13    Spells: 1/7 levels left

rFire   . . .      SeeInvis .    f - +0 dagger
rCold   . . .      Faith    .    (no shield)
rNeg    . . .      Spirit   .    a - +0 robe
rPois   .          Reflect  .    (no helmet)
rElec   .          Harm     .    (no cloak)
rCorr   .          Rampage  .    o - +0 pair of gloves
Will    .....                    (no boots)
Stlth   ++                       (no amulet)
HPRegen 0.25/turn                (no ring)
MPRegen 0.10/turn                (no ring)

@: no status effects
A: claws 1, repulsion field 1, ignite blood 1
a: no special abilities


You were on level 2 of the Dungeon.
You visited 1 branch of the dungeon, and saw 3 of its levels.

You collected 133 gold pieces.

Inventory:

Hand Weapons
 f - a +0 dagger (weapon)
Armour
 a - a +0 robe (worn)
 o - a +0 pair of gloves (worn)
Scrolls
 c - a scroll of fear
 d - a scroll of teleportation
 g - a scroll of vulnerability
Potions
 b - a potion of magic
 i - 2 potions of lignification {unknown}
 j - a potion of haste {unknown}
 k - a potion of flight {unknown}
 m - a potion of berserk rage {unknown}
 p - a potion of brilliance {unknown}


   Skills:
 + Level 1.3 Fighting
 + Level 2.2 Dodging
 + Level 2.3 Stealth
 + Level 2.3 Spellcasting
 + Level 1.8 Conjurations
 + Level 3.1 Fire Magic


You had one spell level left.
You knew the following spells:

 Your Spells              Type           Power      Damage    Failure   Level
a - Foxfire               Conj/Fire      44%        2x1d6     6%          1
b - Scorch                Fire           28%        2d6       7%          2
c - Inner Flame           Hex/Fire       8%         N/A       26%         3

Your spell library contained the following spells:

 Spells                   Type           Power      Damage    Failure   Level
 Kindle Blastsparks       Fire/Tloc/Air  12%        2d11      32%         3
 Gell's Gravitas          Tloc           2%         N/A       43%         3
 Teleport Other           Tloc           2%         N/A       43%         3
 Flame Wave               Conj/Fire      11%        2d6       50%         4
 Dispersal                Tloc           1%         N/A       100%        6


Dungeon Overview and Level Annotations

Branches:
Dungeon (3/15)

Altars:
Makhleb


Innate Abilities, Weirdness & Mutations

You have sharp fingernails.
You are surrounded by a mild repulsion field. (EV +2)
Your demonic aura sometimes causes spilled blood to erupt in flames.


Message History

Sigmund struggles to resist.
Sigmund closely misses you.
Casting: Inner Flame (quite dangerous; 26% risk of failure)
Confirm with . or Enter, or press ? or * to list all spells.
The spell is quite dangerous to miscast (26% risk of failure)!
Continue anyway?
Aiming: Inner Flame (quite dangerous; 26% risk of failure)
Press: ? - help, Dir - move target, f/p - Sigmund
Aim: Sigmund, wielding a +0 scythe and wearing a +0 robe (chance to affect: 64%) Sigmund is filled with an inner flame.
Sigmund closely misses you.
Casting: Inner Flame (quite dangerous; 26% risk of failure)
Confirm with . or Enter, or press ? or * to list all spells.
You conjure some foxfire!
You hit Sigmund but do no damage.
The foxfire hits Sigmund.
Flame seeps out of Sigmund.
Sigmund is lightly wounded.
The foxfire hits Sigmund but does no damage.
Sigmund is lightly wounded.
Sigmund is engulfed in blazing flames.
Flame seeps out of Sigmund.
Sigmund barely misses you.
Casting: Foxfire (safe; 6% risk of failure)
Confirm with . or Enter, or press ? or * to list all spells.
You don't have enough magic to cast this spell.
You closely miss Sigmund.
Sigmund is heavily wounded.
Sigmund is engulfed in blazing flames.
Flame seeps out of Sigmund.
Sigmund misses you.
Casting: Foxfire (safe; 6% risk of failure)
Confirm with . or Enter, or press ? or * to list all spells.
You don't have enough magic to cast this spell.
You closely miss Sigmund.
Sigmund is almost dead.
Casting: Foxfire (safe; 6% risk of failure)
Confirm with . or Enter, or press ? or * to list all spells.
You don't have enough magic to cast this spell.
You hit Sigmund.
Flame seeps out of Sigmund.
Sigmund is almost dead.
Sigmund is engulfed in blazing flames.
Sigmund explodes!
The fiery explosion engulfs you!!!
Ouch! That really hurt!
You die...

# ##>.[## #.. # ##..#
#.. # ##.# #.. ####
#.####### #.. ...#
##.......# ##. ##.####
#...####.### ###.[
#....######.#..# #...#
###...#
####........##.#####.#
##...###
#..########○@#
##.####..### #..# ##.#
#.........# #..####
#.# #.........#
#.....## #.#
#.........# ##.###..##
#.# ########### #..#
##..## #.# #.##
#♣♣~###.## ##.#
##♣~♣♣~##..# #
#..###~♣PP~~~♣#.##


There were no monsters in sight!

Vanquished Creatures
  Sigmund (D:2)
  4 adders
  A worm (D:3)
  A dart slug (D:1)
  An orc (D:3)
  5 endoplasms
  A giant cockroach (D:1)
  4 goblins
  A hobgoblin (D:2)
  3 quokkas
  4 ball pythons
  3 bats
  3 frilled lizards
  4 kobolds
  6 rats
42 creatures vanquished.

Vanquished Creatures (collateral kills)
  3 foxfires (D:2)
3 creatures vanquished.

Vanquished Creatures (others)
  102 foxfires
  6 plants (D:2)
108 creatures vanquished.

Grand Total: 153 creatures vanquished

Notes
Turn   | Place    | Note
-------+----------+-------------------------------------------
     0 | D:1      | wormed the Demonspawn Fire Elementalist began the quest for
                  | the Orb.
     0 | D:1      | Reached XP level 1. HP: 13/13 MP: 3/3
   219 | D:1      | Gained mutation: You are surrounded by a mild repulsion
                  | field. (EV +2) [demonic ancestry]
   219 | D:1      | Reached XP level 2. HP: 20/20 MP: 0/5
   285 | D:1      | Learned a level 2 spell: Scorch
  1396 | D:2      | Reached skill level 1 in Fighting
  1396 | D:2      | Reached skill level 3 in Fire Magic
  1396 | D:2      | Gained mutation: Your demonic aura sometimes causes spilled
                  | blood to erupt in flames. [demonic ancestry]
  1396 | D:2      | Reached XP level 3. HP: 25/26 MP: 1/6
  1449 | D:2      | Found a faded altar of an unknown god.
  1627 | D:2      | Found a burning altar of Makhleb.
  2062 | D:3      | Gained mutation: You have sharp fingernails. [demonic
                  | ancestry]
  2062 | D:3      | Reached XP level 4. HP: 32/32 MP: 7/7
  2120 | D:3      | Learned a level 3 spell: Inner Flame
  2337 | D:3      | Noticed Sigmund
  2346 | D:2      | Killed Sigmund
  2346 | D:2      | Killed by an exploding Sigmund... ignited by their inner
                  | flame

Illustrated notes

Levels and vault maps discovered:
D:1:      grunt_arrival_crossed_arrows, layout_basic, minmay_pentomino_v4
D:2:      layout_rooms, ebering_ecumenical_altar_box, basic_altar,
          wad_floor_pattern_untrapped, serial_bayou_lake_a
D:3:      layout_rooms, gammafunk_temple_overflow_pools, serial_park_tiny_2,
          uniq_sigmund

Skill      XL: |  1  2 |
---------------+-------+-----
Stealth        | 2 |  2.3
Dodging        | 2 |  2.2
Fighting       | 1 |  1.3
Fire Magic     | 3 |  3.1
Spellcasting   | |  2.3
Conjurations   | |  1.8

Action                   |  1- 3 |  4- 6 || total
-------------------------+-------+-------++-------
Melee: Dagger            |    35 |     5 ||    40
 Cast: Foxfire           |    54 |     8 ||    62
       Scorch            |     2 |       ||     2
       Inner Flame       |       |     4 ||     4
  Use: Scroll            |     7 |       ||     7
 Stab: Sleeping          |     2 |       ||     2
Armor: Robe              |     6 |       ||     6
Dodge: Dodged            |    44 |     7 ||    51

Table legend: (Time is in decaauts)
 A = Elapsed time spent in this place.
 B = Non-inter-level travel time spent in this place.
 C = Inter-level travel time spent in this place.
 D = Time resting spent in this place.
 E = Time spent auto-exploring this place.
 F = Levels seen in this place.
 G = Mean time per level.
                   A        B        C        D        E       F      G
               +--------+--------+--------+--------+--------+-----+--------+
         Total |   2383 |   2289 |     94 |      0 |   1883 |   3 |  794.3 |
       Dungeon |   2383 |   2289 |     94 |      0 |   1883 |   3 |  794.3 |
               +--------+--------+--------+--------+--------+-----+--------+

Top non-repeatable levels by time:
     D:1: 1128 daAuts
     D:2: 957 daAuts
     D:3: 296 daAuts
